 Dungeon Crawl Stone Soup version 0.28-a0-1555-g9ae15a6949 (webtiles) character file.

Game seed: 3215519520809392496

4876 tilp the Frost Mage (level 10, 45/45 HPs)
             Began as a Felid Ice Elementalist on Jan 18, 2022.
             Was an Elder of Vehumet.
             Quit the game on level 8 of the Dungeon.
             The game lasted 00:26:09 (17584 turns).

tilp the Frost Mage (Felid Ice Elementalist)       Turns: 17584, Time: 00:26:10

Health: 45/45      AC:  2    Str:  4    XL:     10   Next: 26%
Magic:  20/20      EV: 20    Int: 22    God:    Vehumet [****..]
Gold:   1297       SH:  0    Dex: 16    Spells: 6/21 levels left
                                        Lives:  1   Deaths: 2

rFire   . . .      SeeInvis +     - Unarmed
rCold   . . .      Faith    .   (shield unavailable)
rNeg    . . .      Spirit   .   (armour unavailable)
rPois   .          Reflect  .   (helmet unavailable)
rElec   .          Harm     .   (cloak unavailable)
rCorr   .          Rampage  .   (gloves unavailable)
Will    +....                   (boots unavailable)
Stlth   ++++......              r - amulet of the acrobat
HPRegen 0.15/turn               (no ring)
MPRegen 0.17/turn               (no ring)

@: quick
A: very small, claws 1, fangs 3, see invisible, speed 1, shaggy fur 2, stealthy
paws, no weapons or thrown items, no armour, multi-lived
a: Renounce Religion


You were on level 8 of the Dungeon.
You worshipped Vehumet.
Vehumet was greatly pleased with you.
You visited 3 branches of the dungeon, and saw 12 of its levels.
You also visited: Bailey.

You collected 1935 gold pieces.
You spent 638 gold pieces at shops.

Inventory:

Jewellery
 r - an amulet of the acrobat (around neck)
Wands
 f - a wand of polymorph (16)
 i - a wand of acid (6)
 l - a wand of iceblast (10)
 q - a wand of digging (7)
 s - a wand of paralysis (10)
Scrolls
 k - a scroll of teleportation
 m - a scroll of fog
 t - a scroll of amnesia
Potions
 a - a potion of curing
 b - a potion of cancellation
 c - 3 potions of magic
 d - a potion of invisibility
 e - 2 potions of berserk rage
 g - 3 potions of brilliance
 h - 4 potions of flight
 j - a potion of resistance {unknown}
 n - a potion of might {unknown}
 o - 2 potions of mutation {unknown}
 p - 3 potions of heal wounds {unknown}
 u - a potion of degeneration {unknown}


   Skills:
 - Level 6.0 Fighting
 - Level 6.0 Dodging
 - Level 8.0 Stealth
 - Level 6.0 Unarmed Combat
 + Level 6.4 Spellcasting
 + Level 7.2 Conjurations
 - Level 4.0 Translocations
 + Level 9.0 Ice Magic
 - Level 4.0 Evocations


You had 6 spell levels left.
You knew the following spells:

 Your Spells              Type           Power      Damage    Failure   Level
a - Freeze                Ice            100%       1d11      1%          1
b - Frozen Ramparts       Ice            92%        1d11      1%          3
c - Ozocubu's Armour      Ice            46%        N/A       1%          3
d - Hailstorm             Conj/Ice       42%        3d10      1%          4
e - Iskenderun's Mystic   Conj/Tloc      31%        2d8       2%          4

Your spell library contained the following spells:

 Spells                   Type           Power      Damage    Failure   Level
 Olgreb's Toxic Radiance  Pois           7%         N/A       22%         4
 Fulminant Prism          Conj/Hex       11%        3d9       5%          4
 Slow                     Hex            28%        N/A       9%          1
 Call Canine Familiar     Summ           7%         N/A       26%         3
 Confusing Touch          Hex            7%         N/A       26%         3
 Vampiric Draining        Necr           7%         2d6       26%         3
 Metabolic Englaciation   Hex/Ice        13%        N/A       36%         5
 Lee's Rapid Deconstruct  Erth           3%         3d6*      50%         5
 Leda's Liquefaction      Hex/Erth       3%         N/A       65%         4
 Simulacrum               Ice/Necr       13%        N/A       91%         6
 Ozocubu's Refrigeration  Ice            23%        4d9       41%         7
 Malign Gateway           Summ/Tloc      7%         N/A       100%        7
 Summon Horrible Things   Summ           3%         N/A       100%        8
 Portal Projectile        Hex/Tloc       Unusable   N/A       N/A         3

Dungeon Overview and Level Annotations

Branches:
Dungeon (10/15)            Temple (1/1) D:4            Lair (1/6) D:8
    Orc (0/2) D:10         Bailey (visited)

Altars:
Ashenzari
Cheibriados
Dithmenos
Elyvilon
Fedhas
Gozag
Hepliaklqana
Kikubaaqudgha
Makhleb
Nemelex Xobeh
Okawaru
Qazlal
Sif Muna
Trog
Uskayaw
Vehumet
Wu Jian
Xom
Yredelemnul
Zin
The Shining One

Shops:
D:4 ?

Annotations:
D:6 exclusions: vampire and 4 yaks
D:9 exclusion: acid dragon


Innate Abilities, Weirdness & Mutations

You have sharp claws.
You have razor-sharp teeth.
You have supernaturally acute eyesight. (SInv)
You cover ground quickly. (Speed+)
You are covered in thick fur. (AC +2)
Your paws help you pounce on unaware monsters.
You are incapable of wielding weapons or throwing items.
You cannot wear armour.
You gain extra lives every three experience levels.


Message History

The hail pelts the plant!
The plant is lightly damaged.
The hail pelts the plant!!
The plant is lightly damaged.
The hail pelts the plant!!
The plant is lightly damaged.
The hail pelts the plant!!
The plant is lightly damaged.
The polar bear bites you.
* * * LOW HITPOINT WARNING * * *
The polar bear misses you. The polar bear completely misses you.
Unknown command.
Unknown command.
Unknown command.
Casting: Hailstorm (dangerous; 1% risk of failure)
Confirm with . or Enter, or press ? or * to list all spells.
You erupt in a blast of force!
The mystic blast hits the plant!
The plant is moderately damaged.
The mystic blast hits the plant!
The plant is moderately damaged.
The mystic blast hits the plant!
The plant is lightly damaged.
The mystic blast hits the plant.
The plant is lightly damaged.
The mystic blast hits the polar bear.
The polar bear is moderately wounded.
The mystic blast hits the black mamba!
The black mamba is severely wounded.
The black mamba is knocked back by the mystic blast.
The mystic blast hits the fungus!
The fungus is lightly damaged.
The polar bear bites you!
You die...
The polar bear misses you. The polar bear closely misses you.
You are now level 10!
You rejoin the land of the living...
Unknown command.
Unknown command.
Done exploring.
Are you sure you want to abandon this character and quit the game? (Confirm with "yes".)

#......##........)#.#.#
##..............##.#.#.#
.....................#.#
.......#>............#.#
.......#.........#...#.#
.......#.......##....#.##
..................>.....#
.........##....##.......#
.........####...@.#.....#
.........# #...#.#.....#
.........####...........#
......#.....#......###..#
............#...........#
............#......####.#
............#...........#
###...#.............#####
......#..............#####


There were no monsters in sight!

Vanquished Creatures
  A hydra (D:10)
  A two-headed ogre (D:9)
  A manticore (D:10)
  A cane toad (Lair:1)
  A yaktaur (D:10)
  2 komodo dragons
  2 trolls (D:10)
  A slime creature (D:10)
  A shadow (D:9)
  A wraith (D:9)
  2 wyverns
  8 yaks
  Edmund (D:4)
  4 water moccasins
  7 black bears
  6 orc warriors
  An ogre (D:4)
  5 wolves
  2 centaurs
  Blork the orc (D:4)
  2 kobold brigands
  2 scorpions
  6 bullfrogs
  2 gnoll sergeants
  6 killer bees (D:9)
  5 centaur zombies
  4 hounds
  3 jellies
  A gnoll shaman (D:10)
  5 orc priests
  2 bullfrog skeletons (D:5)
  A centaur skeleton (D:4)
  2 iguanas (D:5)
  9 orc wizards
  A killer bee zombie (D:8)
  A mummy (D:8)
  A howler monkey zombie (D:6)
  16 gnolls
  10 adders
  A howler monkey skeleton (D:6)
  2 shadow imps (D:8)
  2 ufetubi
  An adder skeleton (D:4)
  2 worms
  3 dart slugs
  51 orcs
  7 endoplasms
  5 giant cockroaches
  11 goblins
  11 hobgoblins
  7 jackals
  A quokka (D:1)
  6 ball pythons
  8 bats
  3 frilled lizards (D:1)
  2 hobgoblin zombies (D:8)
  14 kobolds
  2 orc zombies (D:8)
  7 rats
274 creatures vanquished.

Vanquished Creatures (others)
  A howler monkey zombie (D:10)
  48 fungi
  32 plants
81 creatures vanquished.

Grand Total: 355 creatures vanquished

Notes
Turn   | Place    | Note
-------+----------+-------------------------------------------
     0 | D:1      | tilp the Felid Ice Elementalist began the quest for the
                  | Orb.
     0 | D:1      | Reached XP level 1. HP: 7/7 MP: 4/4
   127 | D:1      | Found a faded altar of an unknown god.
   176 | D:1      | Reached XP level 2. HP: 6/11 MP: 0/6
   399 | D:1      | Reached skill level 4 in Ice Magic
   897 | D:1      | Reached XP level 3. HP: 14/14 MP: 0/7
   901 | D:1      | Learned a level 3 spell: Frozen Ramparts
  2120 | D:2      | Learned a level 3 spell: Ozocubu's Armour
  2463 | D:2      | Reached XP level 4. HP: 18/18 MP: 2/9
  2657 | D:2      | Reached skill level 5 in Ice Magic
  3327 | D:3      | Reached XP level 5. HP: 21/21 MP: 4/10
  3429 | D:3      | Identified the +1 whip of Earthquakes {antimagic, rElec
                  | Str+4 Int-4}
  3897 | D:3      | Reached skill level 6 in Ice Magic
  4071 | D:3      | Reached skill level 1 in Fighting
  4071 | D:3      | Gained mutation: You are covered in thick fur. (AC +2)
                  | [Felid growth]
  4071 | D:3      | Reached XP level 6. HP: 22/25 MP: 2/11
  4146 | D:3      | Learned a level 4 spell: Hailstorm
  4156 | D:3      | Reached skill level 1 in Unarmed Combat
  4509 | D:4      | Noticed Blork the orc
  4782 | D:4      | Found a glowing silver altar of Zin.
  4804 | D:4      | Found a staircase to the Ecumenical Temple.
  4911 | Temple   | Entered the Ecumenical Temple
  5177 | Temple   | Became a worshipper of Vehumet
  5403 | D:4      | Found an iron altar of Okawaru.
  5470 | D:4      | Reached skill level 1 in Evocations
  5794 | D:4      | Reached XP level 7. HP: 30/30 MP: 3/12
  5953 | D:4      | Found a shimmering blue altar of Sif Muna.
  6014 | D:4      | Noticed Edmund
  6020 | D:4      | Reached * piety under Vehumet
  6020 | D:4      | Offered knowledge of Sandblast by Vehumet.
  6024 | D:4      | Killed Edmund
  6072 | D:4      | Found Funaud's Magic Scroll Boutique.
  6080 | D:4      | Bought a scroll of identify for 22 gold pieces
  6080 | D:4      | Bought a scroll of fog for 22 gold pieces
  6080 | D:4      | Bought a scroll of identify for 22 gold pieces
  6846 | D:3      | Identified a scroll of acquirement
  6846 | D:3      | Acquired 476 gold pieces
  6999 | D:4      | Bought a scroll of acquirement for 572 gold pieces
  6999 | D:4      | Acquired 776 gold pieces
  7016 | D:5      | Entered Level 5 of the Dungeon
  7070 | D:5      | Found a hide-covered altar of Uskayaw.
  7650 | D:5      | Reached XP level 8. HP: 11/36 MP: 4/13
  8183 | D:5      | Reached skill level 5 in Stealth
  8288 | D:5      | Offered knowledge of Poisonous Vapours by Vehumet.
  8710 | D:6      | Reached ** piety under Vehumet
  8970 | D:6      | Reached skill level 1 in Conjurations
  9693 | D:7      | Found a shadowy altar of Dithmenos.
  9848 | D:7      | Found a flagged portal.
  9957 | Bailey   | Entered a bailey
  9991 | Bailey   | Offered knowledge of Scorch by Vehumet.
 10109 | Bailey   | Reached XP level 9. HP: 18/39 MP: 2/16
 10297 | Bailey   | Noticed an orc knight
 10560 | Bailey   | Slain by an orc knight
 10561 | Bailey   | Reached XP level 8. HP: -1/36 MP: 8/15
 10665 | Bailey   | Noticed an orc knight
 10696 | D:7      | Found a white marble altar of Elyvilon.
 10951 | D:7      | Reached *** piety under Vehumet
 11287 | D:7      | Learned a level 4 spell: Iskenderun's Mystic Blast
 11470 | D:8      | Found a burning altar of Makhleb.
 11596 | D:8      | Reached skill level 1 in Translocations
 11879 | D:8      | Reached skill level 7 in Ice Magic
 11922 | D:8      | Found a staircase to the Lair.
 12098 | D:8      | Reached skill level 5 in Conjurations
 12197 | D:8      | Reached XP level 9. HP: 38/39 MP: 4/17
 12534 | D:8      | Noticed a komodo dragon
 12556 | D:8      | Killed a komodo dragon
 12557 | D:8      | Reached skill level 5 in Spellcasting
 13594 | D:9      | Offered knowledge of Sticky Flame by Vehumet.
 13595 | D:9      | Reached skill level 8 in Ice Magic
 13603 | D:9      | Noticed a two-headed ogre
 13609 | D:9      | Killed a two-headed ogre
 14099 | D:9      | Reached skill level 5 in Dodging
 14099 | D:9      | Reached XP level 10. HP: 43/43 MP: 6/18
 14445 | D:10     | Entered Level 10 of the Dungeon
 14572 | D:10     | Found a staircase to the Orcish Mines.
 14590 | D:10     | Identified the +1 rapier "Rougoss" {pain, rN+}
 14704 | D:10     | Reached skill level 5 in Fighting
 14704 | D:10     | Reached skill level 5 in Unarmed Combat
 14946 | D:10     | HP: 1/45 [wraith (8)]
 14951 | D:10     | HP: 1/45 [wraith (1)]
 15730 | D:10     | Noticed an eight-headed hydra
 15747 | D:10     | Noticed a manticore
 15752 | D:10     | Killed a manticore
 15946 | D:10     | Noticed a four-headed hydra
 15951 | D:10     | Killed a four-headed hydra
 15952 | D:10     | Reached XP level 11. HP: 16/48 MP: 1/20
 16387 | D:10     | HP: 1/48 [acid dragon/splash of acid (23)]
 16747 | D:4      | Killed Blork the orc
 17052 | Lair:1   | Entered Level 1 of the Lair of Beasts
 17122 | Lair:1   | Noticed a five-headed hydra
 17150 | D:8      | Reached **** piety under Vehumet
 17369 | D:8      | Offered knowledge of Olgreb's Toxic Radiance by Vehumet.
 17373 | D:8      | Reached skill level 9 in Ice Magic
 17583 | D:8      | Slain by a polar bear
 17584 | D:8      | Reached XP level 10. HP: -4/45 MP: 9/20
 17584 | D:8      | Quit the game

Illustrated notes

Levels and vault maps discovered:
D:1:      tarquinn_simple_flora_water_e, layout_loops_corners,
          dreamdust_ecumenical_altar_statues, serial_rivers,
          chequers_serial_rivers_micro_e, chequers_serial_rivers_large_b,
          chequers_serial_rivers_large_a, chequers_serial_rivers_small_a,
          chequers_serial_rivers_small_3
D:2:      layout_basic, minmay_pentomino_o2
D:3:      layout_basic, minmay_vboxes
D:4:      layout_layer_cave, led_sif_pool, mainiacjoe_overflow_24_doors,
          okawaru_trees_1, minmay_temple_entry_hall, serial_shops,
          nicolae_shop_competitors_out_of_business, roderic_lattice_a,
          uniq_blork_the_orc, uniq_edmund
D:5:      layout_basic, old_standard_altar
D:6:      layout_cave_pools, kennysheep_path_1, minmay_fountain_box,
          minmay_three_doors
D:7:      layout_basic, kennysheep_mini_moat, elyvilon_altar_4, enter_bailey_5
D:8:      layout_basic, mainiacjoe_overflow_concentric_impassable,
          due_lair_maze_entry_diamond, minmay_mini_ossuary
D:9:      layout_loops_cross
D:10:     minmay_the_grid_triangle_9x9_rhombus_thin_mashed
          [minmay_the_grid_triangle_9x9_skeleton,
          minmay_the_grid_triangle_9x9_prize_schism,
          minmay_the_grid_triangle_9x9_dagger,
          minmay_the_grid_triangle_9x9_semitri], layout_basic,
          mainiacjoe_overflow_chevrons
Temple:   minmay_temple_curvy_branch
Lair:1:   layout_cellular_growth, grunt_megastairs_2, uniq_nergalle

Skill      XL: |  1  2  3  4  5  6  7  8  9 10 11 |
---------------+----------------------------------+-----
Ice Magic      | 4 5 6 7 8 9 |  9.0
Spellcasting   | 3 4 5 6 |  6.4
Fighting       | 1 2 3 4 6 |  6.0
Stealth        | 3 4 6 8 |  8.0
Unarmed Combat | 2 3 4 6 |  6.0
Dodging        | 3 4 5 6 |  6.0
Evocations     | 1 2 4 |  4.0
Conjurations   | 5 6 7 |  7.2
Translocations | 3 4 |  4.0

Action                   |  1- 3 |  4- 6 |  7- 9 | 10-12 || total
-------------------------+-------+-------+-------+-------++-------
Melee: Unarmed           |    21 |    32 |   109 |    78 ||   240
       Bite              |     2 |     4 |    23 |    14 ||    43
       Punch             |       |       |     7 |     3 ||    10
 Cast: Freeze            |    55 |    41 |    92 |     6 ||   194
       Frozen Ramparts   |     2 |    21 |    51 |    20 ||    94
       Ozocubu's Armour  |     1 |     3 |    40 |    20 ||    64
       Hailstorm         |       |       |    19 |    24 ||    43
       Iskenderun's Myst |       |       |     1 |    14 ||    15
Evoke: Wand              |       |       |    10 |     4 ||    14
  Use: Scroll            |     1 |     7 |    11 |     1 ||    20
       Potion            |       |       |     2 |       ||     2
 Stab: Sleeping          |     6 |     6 |     9 |     1 ||    22
Armor: Skin              |     3 |     4 |    40 |    35 ||    82
Dodge: Dodged            |    46 |    43 |   192 |   164 ||   445

Table legend: (Time is in decaauts)
 A = Elapsed time spent in this place.
 B = Non-inter-level travel time spent in this place.
 C = Inter-level travel time spent in this place.
 D = Time resting spent in this place.
 E = Time spent auto-exploring this place.
 F = Levels seen in this place.
 G = Mean time per level.
                   A        B        C        D        E       F      G
               +--------+--------+--------+--------+--------+-----+--------+
         Total |  16160 |  15445 |    715 |   5480 |   7750 |  13 | 1243.1 |
       Dungeon |  15165 |  14457 |    708 |   4906 |   7531 |  10 | 1516.5 |
        Temple |    226 |    221 |      5 |      0 |    215 |   1 |  226.0 |
          Lair |     76 |     76 |      0 |     51 |      0 |   1 |   76.0 |
        Bailey |    692 |    692 |      0 |    523 |      3 |   1 |  692.0 |
               +--------+--------+--------+--------+--------+-----+--------+

Top non-repeatable levels by time:
     D:9: 2245 daAuts
     D:8: 2236 daAuts
     D:4: 2149 daAuts
     D:1: 1807 daAuts
     D:5: 1591 daAuts
     D:3: 1247 daAuts
     D:2: 1172 daAuts
    D:10: 955 daAuts
     D:6: 908 daAuts
     D:7: 853 daAuts
  Bailey: 692 daAuts
  Temple: 226 daAuts
  Lair:1: 76 daAuts
